 Dungeon Crawl Stone Soup version 0.24.0-13-gcf9b3192b9 (webtiles) character file.

Game seed: 3463460130014228218, levelgen mode: deterministic

63 Matador8 the Charmwright (level 3, -3/29 HPs)
             Began as a Draconian Skald on Nov 8, 2019.
             Slain by a goblin
             ... wielding a +0 club
             ... led by Robin
              (4 damage)
             ... on level 2 of the Dungeon on Nov 9, 2019.
             The game lasted 00:09:44 (2106 turns).

Matador8 the Charmwright (Draconian Skald)          Turns: 2106, Time: 00:09:45

Health: -3/29      AC:  5    Str: 13    XL:     3   Next: 89%
Magic:  1/6        EV: 12    Int: 14    God:
Gold:   95         SH:  0    Dex: 10    Spells: 2/6 levels left

rFire    . . .     SeeInvis .   a - +0 mace
rCold    . . .     Gourm    .   (no shield)
rNeg     . . .     Faith    .   (armour unavailable)
rPois    .         Spirit   .   (helmet restricted)
rElec    .         Reflect  .   (no cloak)
rCorr    .         Harm     .   (no gloves)
MR       .....                  (no boots)
Stlth    +.........             (no amulet)
HPRegen  0.09/turn              (no ring)
MPRegen  0.10/turn              (no ring)

@: no status effects
A: unfitting armour, cold-blooded, AC +5
a: no special abilities


You were on level 2 of the Dungeon.
You were very hungry.

You visited 1 branch of the dungeon, and saw 3 of its levels.

You collected 95 gold pieces.

Inventory:

Hand Weapons
 a - a +0 mace (weapon)
Jewellery
 d - an uncursed ring of flight {unknown}
Scrolls
 b - 3 scrolls of remove curse {unknown}
 e - 2 scrolls of amnesia {unknown}
 f - a scroll of magic mapping {unknown}
 g - 3 scrolls of identify {unknown}
 i - a scroll of teleportation {unknown}
 k - a scroll of enchant weapon {unknown}
Potions
 h - a potion of might {unknown}
 j - a potion of haste
Comestibles
 c - 6 rations


   Skills:
 - Level 2.1 Fighting
 - Level 3.1 Maces & Flails
 - Level 2.1 Dodging
 + Level 2.2 Spellcasting
 + Level 3.6 Charms


You had 2 spell levels left.
You knew the following spells:

 Your Spells              Type           Power        Failure   Level  Hunger
a - Infusion              Chrm           ##..         5%          1    #......
b - Regeneration          Chrm/Necr      #.........   32%         3    ###....

Your spell library contained the following spells:

 Spells                   Type           Power        Failure   Level  Hunger
 Song of Slaying          Chrm           ##......     8%          2    ###....
 Shroud of Golubria       Chrm/Tloc      #.....       17%         2    ###....
 Spectral Weapon          Hex/Chrm       #.......     32%         3    ###....


Dungeon Overview and Level Annotations

Branches:
Dungeon (3/15)

Altars:
Dithmenos
Gozag
Qazlal
Sif Muna
Uskayaw
Vehumet
Wu Jian
Xom

Annotations:
D:2 1 runed translucent door, Crazy Yiuf
D:3 Robin


Innate Abilities, Weirdness & Mutations

Your plain brown scales are hard. (AC +5)
You cannot fit into any form of body armour.
You are cold-blooded and may be slowed by cold attacks.


Message History

You closely miss the goblin.
Your magical infusion is running out.
The goblin misses you. The goblin closely misses you. The goblin misses you.
You closely miss the goblin. The goblin hits you but does no damage.
The goblin hits you with a +0 dagger. The goblin hits you but does no damage.
The goblin closely misses you.
You hit the goblin but do no damage. The goblin misses you.
The goblin hits you but does no damage. The goblin closely misses you.
You closely miss the goblin.
Your tail-slap misses the goblin.
The goblin hits you with a +0 dagger. The goblin misses you.
The goblin barely misses you. The goblin hits you but does no damage.
You barely miss the goblin. The goblin hits you with a +0 club.
* * * LOW HITPOINT WARNING * * *
The goblin hits you but does no damage. The goblin barely misses you.
You barely miss the goblin.
You are no longer magically infusing your attacks.
The goblin hits you.
* * * LOW HITPOINT WARNING * * *
The goblin hits you with a +0 club.
You die...

#...........# #.
#..._..._.#.# ##
##...._.....#
#.......#..#
#####
#######....#
#..)# ###>.#
#...# #..# ...
####gg# #+#
#...g@# ♣♣.♣
###.### ♣.♣♣
#...# ♣♣.♣ ###.#
♣.♣♣ #.# ♣♣.♣♣
#.# ♣...♣♣ #)#
♣P.PP♣ #.######
#....#
##......###....#


You could see 3 goblins.

Vanquished Creatures
  An adder (D:2)
  An ooze (D:1)
  2 dart slugs
  A leopard gecko (D:2)
  7 bats (D:1)
  3 giant cockroaches
  6 goblins
  6 hobgoblins
  3 jackals
  A quokka (D:2)
  5 kobolds
  5 rats
  A fungus (D:2)
42 creatures vanquished.

Notes
Turn   | Place    | Note
-------+----------+-------------------------------------------
     0 | D:1      | Matador8 the Draconian Skald began the quest for the Orb.
     0 | D:1      | Reached XP level 1. HP: 17/17 MP: 3/3
   285 | D:2      | Reached XP level 2. HP: 24/24 MP: 0/5
   356 | D:2      | Found a radiant altar of Vehumet.
   968 | D:1      | Reached XP level 3. HP: 29/29 MP: 3/6
  1375 | D:2      | Found an opulent altar of Gozag.
  1377 | D:2      | Found a shimmering altar of Xom.
  1377 | D:2      | Found a shadowy altar of Dithmenos.
  1378 | D:2      | Found an ornate altar of the Wu Jian Council.
  1379 | D:2      | Found a hide-covered altar of Uskayaw.
  1379 | D:2      | Found a stormy altar of Qazlal.
  1380 | D:2      | Found a shimmering blue altar of Sif Muna.
  1420 | D:2      | Learned a level 3 spell: Regeneration
  1698 | D:2      | Found a runed translucent door.
  1699 | D:2      | Noticed Crazy Yiuf
  2050 | D:3      | Noticed Robin
  2106 | D:2      | HP: 1/29 [goblin[Robin] (2)]
  2106 | D:2      | Slain by a goblin

Levels and vault maps discovered:
D:1:      psy_arrival_radial02, layout_loops_ring, grunt_decor_cap
D:2:      layout_basic, lemuel_coloured_pillars_altar,
          grunt_temple_overflow_open, first_ration, uniq_crazy_yiuf_cottage
D:3:      layout_basic, lemuel_round_altar, minmay_starry_boxes, uniq_robin,
          uniq_jessica

Skill      XL: |  1  2  3 |
---------------+----------+-----
Charms         | 3 |  3.6
Maces & Flails | 3 |  3.1
Fighting       | |  2.1
Dodging        | |  2.1
Spellcasting   | |  2.2

Action                   || total
-------------------------++-------
Melee: Mace              ||   135
       Tailslap          ||     7
 Cast: Infusion          ||    18
       Regeneration      ||     1
  Eat: Chunk             ||     3
Armor: Skin              ||    45
Dodge: Dodged            ||   111
